PL
CHARLESTON BATTERY @ BOSTON PATRIOTS
09/18/2042
 
TOP OF THE 1ST
Charleston Battery batting - Pitching for Boston Patriots : RHP Nicky Bogdan
Pitching: RHP Nicky Bogdan
Batting: LHB Rafael Urrutiz 0-0: Bunt for hit to 15 - play at first, batter OUT! 1-3
Batting: LHB Benno Luby 0-0: Foul Ball, location: 2F
0-1: Foul Ball, location: 2F
0-2: Ball
1-2: Ball
2-2: Foul Ball, location: 2F
2-2: Strikes out swinging
Batting: LHB Joey Coco 0-0: Ball
1-0: Ball
2-0: Ball
3-0: Base on Balls
Batting: RHB Melvin Thomas 0-0: Ball
1-0: Fly out, F9 (Flyball, 9LMF, EV 95.0 MPH)
Top of the 1st over - 0 runs, 0 hits, 0 errors, 1 left on base; Charleston 0 - Boston 0
BOTTOM OF THE 1ST
Boston Patriots batting - Pitching for Charleston Battery : LHP Hildebrand Michielsen
Pitching: LHP Hildebrand Michielsen
Batting: LHB Juan Andrés Martí 0-0: Ball
1-0: Ball
2-0: Fly out, F4 (Line Drive, 4, EV 66.2 MPH)
Batting: RHB Tyler Bowen 0-0: Swinging Strike
0-1: Ball
1-1: Foul Ball, location: 2F
1-2: Ball
2-2: Strikes out swinging
Batting: SHB Eisse van Opdorp 0-0: SINGLE (Line Drive, 8RS, EV 99.4 MPH)
Batting: SHB Jasper Morrison 0-0: Called Strike
0-1: Ground out 4-3 (Groundball, 4, EV 100.0 MPH)
Bottom of the 1st over - 0 runs, 1 hit, 0 errors, 1 left on base; Charleston 0 - Boston 0
TOP OF THE 2ND
Charleston Battery batting - Pitching for Boston Patriots : RHP Nicky Bogdan
Batting: LHB Datu Lesaca 0-0: Swinging Strike
0-1: SINGLE (Line Drive, 34D, EV 99.4 MPH)
Batting: RHB Jaime Espinar 0-0: Fielders Choice at 2nd, 1-4 (Groundball, P, EV 65.6 MPH)
Batting: RHB Mariano Juderías 0-0: Ball
1-0: Ball
2-0: Foul Ball, location: 2F
2-1: Foul Ball, location: 2F
2-2: Strikes out swinging
Jaime Espinar steals 2nd base (no throw)
Batter strikes out.
Batting: RHB Uoti Vaijärvi 0-0: Called Strike
0-1: Called Strike
0-2: Ball
1-2: Foul Ball, location: 2F
1-2: Ball
Passed Ball!
Jaime Espinar to third
2-2: Ball
3-2: 2-RUN HOME RUN (Flyball, 7D, EV 97.5 MPH), Distance : 373 ft
Batting: RHB Chris Gordon 0-0: Called Strike
0-1: Ground out 4-3 (Groundball, 34, EV 91.2 MPH)
Top of the 2nd over - 2 runs, 2 hits, 0 errors, 0 left on base; Charleston 2 - Boston 0
BOTTOM OF THE 2ND
Boston Patriots batting - Pitching for Charleston Battery : LHP Hildebrand Michielsen
Batting: RHB Jon Osterman 0-0: Fly out, F9 (Line Drive, 9, EV 93.8 MPH)
Batting: RHB Brevyn Spann-Ford 0-0: Ball
1-0: Foul Ball, location: 2F
1-1: Ball
2-1: Called Strike
2-2: Ball
3-2: Strikes out looking
Batting: LHB Freddy Díaz 0-0: Ball
1-0: Fly out, F7 (Flyball, 7S, EV 91.9 MPH)
Bottom of the 2nd over - 0 runs, 0 hits, 0 errors, 0 left on base; Charleston 2 - Boston 0
TOP OF THE 3RD
Charleston Battery batting - Pitching for Boston Patriots : RHP Nicky Bogdan
Batting: LHB Rafael Urrutiz 0-0: Called Strike
0-1: Ball
1-1: Ball
2-1: Ground out 4-3 (Groundball, 4, EV 106.2 MPH)
Batting: LHB Benno Luby 0-0: Ball
1-0: Called Strike
1-1: Ground out 6-3 (Groundball, 4MS, EV 89.4 MPH)
Batting: LHB Joey Coco 0-0: Ball
1-0: Ball
2-0: Called Strike
2-1: Ball
3-1: Called Strike
3-2: Strikes out swinging
Top of the 3rd over - 0 runs, 0 hits, 0 errors, 0 left on base; Charleston 2 - Boston 0
BOTTOM OF THE 3RD
Boston Patriots batting - Pitching for Charleston Battery : LHP Hildebrand Michielsen
Batting: RHB Eikki Kankaanperä 0-0: Ball
1-0: Ball
2-0: Foul Ball, location: 2F
2-1: SINGLE (Groundball, 5, EV 80.6 MPH) (infield hit)
Batting: RHB Juan Dávila 0-0: SINGLE (Groundball, 3D, EV 102.5 MPH)
Eikki Kankaanperä to second
Runner from 2nd tries for 3rd, SAFE, throw by RF made to third
Batting: LHB Juan Andrés Martí 0-0: Ball
1-0: Ball
2-0: Foul Ball, location: 2F
2-1: Swinging Strike
2-2: Reached on error, E5 (Line Drive, 5, EV 73.8 MPH)
Eikki Kankaanperä scores
Juan Dávila to second
Batting: RHB Tyler Bowen 0-0: Called Strike
Juan Dávila steals 3rd base
Juan Andrés Martí to second
0-1: Foul Ball, location: 2F
0-2: Foul Ball, location: 2F
0-2: Strikes out looking
Batting: SHB Eisse van Opdorp 0-0: Foul Ball, location: 2F
0-1: Ball
1-1: Foul Ball, location: 2F
1-2: Ball
2-2: Ground out 6-3 (Groundball, 6, EV 88.8 MPH)
Juan Dávila scores
Juan Andrés Martí to third
Batting: SHB Jasper Morrison 0-0: Ball
1-0: Ball
2-0: Called Strike
2-1: Foul Ball, location: 2F
2-2: Ball
3-2: Foul Ball, location: 2F
3-2: Strikes out swinging
Bottom of the 3rd over - 2 runs, 2 hits, 1 error, 1 left on base; Charleston 2 - Boston 2
TOP OF THE 4TH
Charleston Battery batting - Pitching for Boston Patriots : RHP Nicky Bogdan
Batting: RHB Melvin Thomas 0-0: Swinging Strike
0-1: Foul Ball, location: 2F
0-2: Strikes out swinging
Batting: LHB Datu Lesaca 0-0: Called Strike
0-1: Ball
1-1: Ball
2-1: Called Strike
2-2: Strikes out swinging
Batting: RHB Jaime Espinar 0-0: Called Strike
0-1: Swinging Strike
0-2: Foul Ball, location: 2F
0-2: Ball
1-2: Strikes out looking
Top of the 4th over - 0 runs, 0 hits, 0 errors, 0 left on base; Charleston 2 - Boston 2
BOTTOM OF THE 4TH
Boston Patriots batting - Pitching for Charleston Battery : LHP Hildebrand Michielsen
Batting: RHB Jon Osterman 0-0: Fly out, F8 (Line Drive, 8LM, EV 91.2 MPH)
Batting: RHB Brevyn Spann-Ford 0-0: Fly out, F9 (Line Drive, 9, EV 86.2 MPH)
Batting: LHB Freddy Díaz 0-0: Swinging Strike
0-1: Ground out 4-3 (Groundball, 4S, EV 84.4 MPH)
Bottom of the 4th over - 0 runs, 0 hits, 0 errors, 0 left on base; Charleston 2 - Boston 2
TOP OF THE 5TH
Charleston Battery batting - Pitching for Boston Patriots : RHP Nicky Bogdan
Batting: RHB Mariano Juderías 0-0: Ball
1-0: Swinging Strike
1-1: Swinging Strike
1-2: Strikes out swinging
Batting: RHB Uoti Vaijärvi 0-0: Called Strike
0-1: Swinging Strike
0-2: Ball
1-2: Strikes out swinging
Pitching: LHP Jorge Gil
Batting: RHB Chris Gordon 0-0: Ground out 6-3 (Groundball, 6, EV 83.1 MPH)
Top of the 5th over - 0 runs, 0 hits, 0 errors, 0 left on base; Charleston 2 - Boston 2
BOTTOM OF THE 5TH
Boston Patriots batting - Pitching for Charleston Battery : LHP Hildebrand Michielsen
Batting: RHB Eikki Kankaanperä 0-0: Ball
1-0: Ball
2-0: Ball
3-0: Called Strike
3-1: Swinging Strike
3-2: Ground out 5-3 (Groundball, 56S, EV 85.0 MPH)
Batting: RHB Juan Dávila 0-0: SOLO HOME RUN (Flyball, 7D, EV 106.2 MPH), Distance : 386 ft
Batting: LHB Juan Andrés Martí 0-0: Foul Ball, location: 2F
0-1: Foul Ball, location: 2F
0-2: Ball
1-2: Ground out 3-1 (Groundball, 34S, EV 70.6 MPH)
Batting: RHB Tyler Bowen 0-0: Ball
1-0: Ball
2-0: Foul Ball, location: 2F
2-1: Reached on error, E6 (Groundball, 6, EV 78.1 MPH)
Batting: SHB Eisse van Opdorp 0-0: Ball
1-0: Called Strike
1-1: Fly out, F7 (Line Drive, 7, EV 89.4 MPH)
Bottom of the 5th over - 1 run, 1 hit, 1 error, 1 left on base; Charleston 2 - Boston 3
TOP OF THE 6TH
Charleston Battery batting - Pitching for Boston Patriots : LHP Jorge Gil
Batting: LHB Rafael Urrutiz 0-0: Swinging Strike
0-1: Called Strike
0-2: Ball
1-2: Ball
2-2: Foul Ball, location: 2F
2-2: Strikes out swinging
Batting: LHB Benno Luby 0-0: Foul Ball, location: 2F
0-1: Ball
1-1: Called Strike
1-2: Foul Ball, location: 2F
1-2: Strikes out swinging
Batting: LHB Joey Coco 0-0: Ball
1-0: Ball
2-0: Called Strike
2-1: Ball
3-1: Foul Ball, location: 2F
3-2: Ground out 1-3 (Groundball, 34S, EV 87.5 MPH)
Top of the 6th over - 0 runs, 0 hits, 0 errors, 0 left on base; Charleston 2 - Boston 3
BOTTOM OF THE 6TH
Boston Patriots batting - Pitching for Charleston Battery : LHP Hildebrand Michielsen
Batting: SHB Jasper Morrison 0-0: Fly out, F8 (Flyball, 78D, EV 110.0 MPH)
Batting: RHB Jon Osterman 0-0: Foul Ball, location: 2F
0-1: Ground out 6-3 (Groundball, 6, EV 90.0 MPH)
Batting: RHB Brevyn Spann-Ford 0-0: Called Strike
0-1: Fly out, F9 (Flyball, 9, EV 83.1 MPH)
Bottom of the 6th over - 0 runs, 0 hits, 0 errors, 0 left on base; Charleston 2 - Boston 3
TOP OF THE 7TH
Charleston Battery batting - Pitching for Boston Patriots : LHP Jorge Gil
Batting: RHB Melvin Thomas 0-0: Ball
1-0: Swinging Strike
1-1: Foul Ball, location: 2F
1-2: Ball
2-2: Foul Ball, location: 2F
2-2: Ball
3-2: Ground out 6-3 (Groundball, 6, EV 90.6 MPH)
Batting: LHB Datu Lesaca 0-0: Foul Ball, location: 2F
0-1: Swinging Strike
0-2: Foul Ball, location: 2F
0-2: Foul Ball, location: 2F
0-2: Ball
1-2: Foul Ball, location: 2F
1-2: Strikes out swinging
Batting: RHB Jaime Espinar 0-0: Ball
1-0: Ball
2-0: Swinging Strike
2-1: Swinging Strike
2-2: Strikes out looking
Top of the 7th over - 0 runs, 0 hits, 0 errors, 0 left on base; Charleston 2 - Boston 3
BOTTOM OF THE 7TH
Boston Patriots batting - Pitching for Charleston Battery : LHP Hildebrand Michielsen
Batting: LHB Freddy Díaz 0-0: Ball
1-0: Swinging Strike
1-1: Foul Ball, location: 2F
1-2: Strikes out swinging
Batting: RHB Eikki Kankaanperä 0-0: Ball
1-0: Ball
2-0: Foul Ball, location: 2F
2-1: Called Strike
2-2: Strikes out swinging
Batting: RHB Juan Dávila 0-0: Fly out, F6 (Line Drive, 6, EV 63.1 MPH)
Bottom of the 7th over - 0 runs, 0 hits, 0 errors, 0 left on base; Charleston 2 - Boston 3
TOP OF THE 8TH
Charleston Battery batting - Pitching for Boston Patriots : LHP Jorge Gil
Batting: RHB Mariano Juderías 0-0: Ball
1-0: Ball
2-0: Foul Ball, location: 2F
2-1: Swinging Strike
2-2: Ground out 6-3 (Groundball, 6, EV 86.2 MPH)
Batting: RHB Uoti Vaijärvi 0-0: Called Strike
0-1: Called Strike
0-2: Ball
1-2: Strikes out swinging, 2-3 out at first.
Batting: RHB Chris Gordon 0-0: Foul Ball, location: 2F
0-1: Ground out 1-3 (Groundball, 13S, EV 71.2 MPH)
Top of the 8th over - 0 runs, 0 hits, 0 errors, 0 left on base; Charleston 2 - Boston 3
BOTTOM OF THE 8TH
Boston Patriots batting - Pitching for Charleston Battery : LHP Hildebrand Michielsen
Batting: LHB Juan Andrés Martí 0-0: Called Strike
0-1: Foul Ball, location: 2F
0-2: Ball
1-2: Ball
2-2: Ball
3-2: Ground out 3-1 (Groundball, 3S, EV 88.8 MPH)
Batting: RHB Tyler Bowen 0-0: Ball
1-0: Foul Ball, location: 2F
1-1: Foul Ball, location: 2F
1-2: Ball
2-2: SINGLE (Groundball, 56D, EV 99.4 MPH)
Batting: SHB Eisse van Opdorp 0-0: Foul Ball, location: 2F
0-1: SINGLE (Line Drive, 34D, EV 96.9 MPH)
Tyler Bowen to second
Runner from 2nd tries for 3rd, SAFE, throw by RF made to third
Pitching: LHP Rodrigo Alarcon
Batting: SHB Jasper Morrison 0-0: Ball
1-0: Called Strike
1-1: Fly out, F9 (Flyball, 9S, EV 96.2 MPH)
Batting: RHB Jon Osterman 0-0: Called Strike
0-1: Ground out 1-3 (Groundball, 13, EV 86.2 MPH)
Bottom of the 8th over - 0 runs, 2 hits, 0 errors, 2 left on base; Charleston 2 - Boston 3
TOP OF THE 9TH
Charleston Battery batting - Pitching for Boston Patriots : LHP Jorge Gil
Pitching: LHP Rafael Herrera
Batting: LHB Rafael Urrutiz 0-0: Called Strike
0-1: Swinging Strike
0-2: Strikes out swinging
Batting: LHB Benno Luby 0-0: Called Strike
0-1: Foul Ball, location: 2F
0-2: Ball
1-2: Ball
2-2: Ball
3-2: SINGLE (Groundball, 34S, EV 70.0 MPH) (infield hit)
Batting: LHB Joey Coco 0-0: Ball
1-0: Called Strike
1-1: Called Strike
1-2: Ball
2-2: SINGLE (Groundball, 6MD, EV 111.2 MPH)
Benno Luby to second
Runner from 2nd tries for 3rd, SAFE, no throw by CF
Batting: RHB Melvin Thomas 0-0: Ball
1-0: Ball
2-0: Fly out, F8 (Flyball, 8LD, EV 101.2 MPH)
Runner from 3rd tags up, OUT at HOME! 8-2
Top of the 9th over - 0 runs, 2 hits, 0 errors, 1 left on base; Charleston 2 - Boston 3
Friday, March 26th, 2021 - OOTP Baseball 20.8 Build 74